[ PARTIDA AOE2 · #478264663 ]
UnrankedHunos vs Tatars
[ ANÁLISIS DE REPETICIÓN · EXTRAÍDO DE LA PARTIDA GRABADA ]
Feudal
9:23
Castillos
20:27
Imperial
36:50
| APM promedio | 31.6 |
| APM pico | 56 |
| eAPM promedio | 19.5 |
| Aldeanos / militares | 182 / 312 |
Foco
⚔️ 38.6% · 🌾 61.4%
Knight ×257 · Scout Cavalry ×55
Feudal
8:51
Castillos
22:36
Imperial
35:46
| APM promedio | 38.3 |
| APM pico | 78 |
| eAPM promedio | 19.4 |
| Aldeanos / militares | 169 / 163 |
Foco
⚔️ 46.7% · 🌾 53.3%
Archer ×154 · Trebuchet (Packed) ×5 · Battering Ram ×4
Feudal
10:08
Castillos
23:28
Imperial
38:37
| APM promedio | 31.8 |
| APM pico | 65 |
| eAPM promedio | 13.6 |
| Aldeanos / militares | 101 / 83 |
Foco
⚔️ 34.5% · 🌾 65.5%
Knight ×74 · Scout Cavalry ×7 · Monk ×1 · Spearman ×1
Feudal
10:13
Castillos
26:19
Imperial
39:24
| APM promedio | 47.1 |
| APM pico | 78 |
| eAPM promedio | 27.1 |
| Aldeanos / militares | 200 / 155 |
Foco
⚔️ 41.5% · 🌾 58.5%
Archer ×127 · Knight ×17 · Spearman ×7 · Trebuchet (Packed) ×3 · Monk ×1
Feudal
—
Castillos
—
Imperial
—
| APM promedio | 1430.2 |
| APM pico | 10973 |
| eAPM promedio | 1429.2 |
| Aldeanos / militares | 0 / 26 |
Foco
⚔️ 94.1% · 🌾 5.9%
Spearman ×10 · Archer ×8 · Skirmisher ×8
Feudal
—
Castillos
—
Imperial
—
| APM promedio | 2272.8 |
| APM pico | 15647 |
| eAPM promedio | 2271.7 |
| Aldeanos / militares | 0 / 82 |
Foco
⚔️ 88.9% · 🌾 11.1%
Spearman ×44 · Monk ×12 · Skirmisher ×9 · Knight ×5 · Camel Scout ×5 · Mangonel ×4
Feudal
—
Castillos
—
Imperial
—
| APM promedio | 4012.4 |
| APM pico | 38631 |
| eAPM promedio | 4011.4 |
| Aldeanos / militares | 0 / 155 |
Foco
⚔️ 88.4% · 🌾 11.6%
Ratha (Ranged) ×62 · Spearman ×46 · Skirmisher ×30 · Mangonel ×6 · Monk ×5 · Scout Cavalry ×5
Feudal
—
Castillos
—
Imperial
—
| APM promedio | 1508.8 |
| APM pico | 12620 |
| eAPM promedio | 1506.8 |
| Aldeanos / militares | 0 / 62 |
Foco
⚔️ 91.2% · 🌾 8.8%
Spearman ×26 · Skirmisher ×20 · Archer ×12 · Monk ×2 · Knight ×1 · Battering Ram ×1
Mapa de la partida
Recursos iniciales + cada clic de construcción. Líneas = muros · curvas = relieve. ◆ oro · ⬟ piedra · ● bayas · ✦ reliquia · ◌ hueco del cierre
Tu base· Abierta — flanco sin cerrar
Base de Volvo· Abierta — hueco de 8t
Base de Bear· Abierta — flanco sin cerrar
Base de JamesPower 小龐· Abierta — hueco de 11t
Base de · Abierta — flanco sin cerrar
Base de · Abierta — flanco sin cerrar
Base de · Abierta — flanco sin cerrar
Base de · Abierta — flanco sin cerrar
Terreno inicial suavizado · ◌ = hueco del cierre detectado · pasá el cursor para detalles
Inputs por minuto
— Windy - - Volvo
Build order — Windy
Primeras 150 de 595 acciones detectadas
| 0:01 | Crear | Villager (Male) |
| 0:01 | Crear | Villager (Male) |
| 0:02 | Crear | Villager (Male) |
| 0:11 | Crear | Villager (Male) |
| 0:12 | Crear | Villager (Male) |
| 1:18 | Crear | Villager (Male) |
| 1:19 | Crear | Villager (Male) |
| 1:50 | Crear | Villager (Male) |
| 2:07 | Crear | Villager (Male) |
| 2:35 | Construir | Lumber Camp |
| 3:01 | Crear | Villager (Male) |
| 3:11 | Crear | Villager (Male) |
| 3:52 | Crear | Villager (Male) |
| 4:02 | Crear | Villager (Male) |
| 4:02 | Crear | Villager (Male) |
| 4:21 | Crear | Villager (Male) |
| 4:36 | Crear | Villager (Male) |
| 4:36 | Crear | Villager (Male) |
| 5:13 | Crear | Villager (Male) |
| 5:17 | Construir | Mill |
| 5:28 | Crear | Villager (Male) |
| 5:30 | Crear | Villager (Male) |
| 6:09 | Investigar | Loom |
| 7:13 | Investigar | Feudal Age |
| 8:02 | Construir | Barracks |
| 8:12 | Crear | Villager (Male) |
| 8:42 | Crear | Villager (Male) |
| 9:23 | Edad | Edad Feudal |
| 9:25 | Construir | Stable |
| 9:28 | Investigar | Double-Bit Axe |
| 9:32 | Crear | Villager (Male) |
| 9:58 | Investigar | Horse Collar |
| 10:14 | Crear | Scout Cavalry |
| 10:14 | Crear | Scout Cavalry |
| 10:14 | Crear | Villager (Male) |
| 10:38 | Construir | Farm |
| 10:41 | Construir | Farm |
| 10:50 | Crear | Scout Cavalry |
| 10:51 | Crear | Scout Cavalry |
| 10:54 | Crear | Villager (Male) |
| 11:18 | Crear | Villager (Male) |
| 11:27 | Construir | Blacksmith |
| 11:33 | Crear | Villager (Male) |
| 11:37 | Construir | Farm |
| 11:55 | Crear | Scout Cavalry |
| 12:06 | Construir | Farm |
| 12:11 | Construir | Farm |
| 12:13 | Investigar | Forging |
| 12:18 | Crear | Villager (Male) |
| 12:24 | Construir | Farm |
| 12:30 | Construir | Farm |
| 12:40 | Crear | Villager (Male) |
| 12:56 | Crear | Villager (Male) |
| 12:59 | Crear | Villager (Male) |
| 13:13 | Construir | Farm |
| 13:22 | Construir | Mining Camp |
| 13:28 | Crear | Villager (Male) |
| 13:39 | Construir | Farm |
| 13:41 | Construir | Farm |
| 13:59 | Crear | Villager (Male) |
| 14:25 | Crear | Villager (Male) |
| 14:34 | Investigar | Wheelbarrow |
| 14:41 | Construir | Farm |
| 14:42 | Construir | Farm |
| 14:46 | Construir | Farm |
| 14:46 | Construir | Farm |
| 15:06 | Construir | Farm |
| 15:06 | Construir | Farm |
| 15:36 | Construir | Market |
| 15:56 | Crear | Villager (Male) |
| 16:03 | Construir | Farm |
| 16:04 | Construir | Farm |
| 16:13 | Construir | Farm |
| 16:27 | Crear | Villager (Male) |
| 16:47 | Crear | Villager (Male) |
| 17:11 | Construir | Farm |
| 17:13 | Crear | Villager (Male) |
| 17:47 | Investigar | Castle Age |
| 18:03 | Investigar | Gold Mining |
| 18:26 | Investigar | Scale Barding Armor |
| 19:00 | Crear | Villager (Male) |
| 19:23 | Crear | Villager (Male) |
| 19:36 | Construir | Stable |
| 19:41 | Investigar | Bloodlines |
| 20:27 | Edad | Edad de los Castillos |
| 20:30 | Crear | Knight |
| 20:30 | Crear | Knight |
| 20:31 | Investigar | Husbandry |
| 20:32 | Crear | Villager (Male) |
| 20:38 | Construir | Town Center |
| 20:40 | Crear | Villager (Male) |
| 20:43 | Construir | Town Center |
| 20:44 | Crear | Villager (Male) |
| 20:58 | Crear | Knight |
| 20:58 | Crear | Knight |
| 20:59 | Crear | Villager (Male) |
| 21:07 | Investigar | Bow Saw |
| 21:26 | Crear | Knight |
| 21:26 | Crear | Knight |
| 21:27 | Crear | Villager (Male) |
| 21:48 | Crear | Knight |
| 21:48 | Crear | Villager (Male) |
| 21:49 | Crear | Villager (Male) |
| 22:10 | Crear | Knight |
| 22:10 | Crear | Knight |
| 22:11 | Crear | Villager (Male) |
| 22:24 | Construir | Farm |
| 22:33 | Crear | Knight |
| 22:34 | Crear | Villager (Male) |
| 22:42 | Crear | Villager (Male) |
| 22:48 | Construir | Farm |
| 23:10 | Crear | Knight |
| 23:10 | Crear | Knight |
| 23:11 | Crear | Villager (Male) |
| 23:11 | Crear | Villager (Male) |
| 23:23 | Crear | Villager (Male) |
| 23:33 | Crear | Knight |
| 23:34 | Crear | Knight |
| 23:34 | Crear | Villager (Male) |
| 23:39 | Construir | Farm |
| 23:41 | Construir | Farm |
| 23:42 | Construir | Farm |
| 23:43 | Crear | Villager (Male) |
| 23:47 | Construir | Farm |
| 23:48 | Construir | Farm |
| 23:57 | Crear | Villager (Male) |
| 24:05 | Crear | Villager (Male) |
| 24:15 | Crear | Villager (Male) |
| 24:18 | Investigar | Chain Barding Armor |
| 24:18 | Investigar | Chain Barding Armor |
| 24:27 | Crear | Knight |
| 24:27 | Crear | Knight |
| 24:28 | Crear | Villager (Male) |
| 24:31 | Crear | Villager (Male) |
| 24:32 | Construir | Farm |
| 24:44 | Crear | Knight |
| 24:44 | Crear | Villager (Male) |
| 24:57 | Crear | Villager (Male) |
| 24:57 | Crear | Villager (Male) |
| 25:09 | Crear | Knight |
| 25:10 | Crear | Villager (Male) |
| 25:10 | Crear | Villager (Male) |
| 25:21 | Crear | Villager (Male) |
| 25:21 | Crear | Villager (Male) |
| 25:27 | Construir | Farm |
| 25:29 | Construir | Farm |
| 25:30 | Crear | Villager (Male) |
| 25:36 | Crear | Villager (Male) |
| 25:36 | Crear | Villager (Male) |
| 25:40 | Construir | Farm |
Build order — Volvo
Primeras 150 de 464 acciones detectadas
| 0:01 | Crear | Villager (Male) |
| 0:01 | Crear | Villager (Male) |
| 0:01 | Crear | Villager (Male) |
| 0:02 | Construir | House |
| 0:04 | Construir | House |
| 0:05 | Crear | Villager (Male) |
| 1:21 | Crear | Villager (Male) |
| 1:21 | Crear | Villager (Male) |
| 1:51 | Construir | Lumber Camp |
| 2:02 | Crear | Villager (Male) |
| 2:22 | Crear | Villager (Male) |
| 2:22 | Crear | Villager (Male) |
| 2:36 | Crear | Villager (Male) |
| 2:58 | Construir | House |
| 2:59 | Construir | House |
| 3:03 | Crear | Villager (Male) |
| 3:36 | Crear | Villager (Male) |
| 3:49 | Crear | Villager (Male) |
| 3:50 | Crear | Villager (Male) |
| 4:04 | Crear | Villager (Male) |
| 4:05 | Crear | Villager (Male) |
| 4:54 | Crear | Villager (Male) |
| 5:06 | Construir | Mining Camp |
| 5:15 | Crear | Villager (Male) |
| 5:37 | Crear | Villager (Male) |
| 6:11 | Investigar | Loom |
| 6:41 | Investigar | Feudal Age |
| 7:28 | Construir | Barracks |
| 7:39 | Crear | Villager (Male) |
| 7:39 | Crear | Villager (Male) |
| 8:07 | Construir | House |
| 8:51 | Edad | Edad Feudal |
| 8:52 | Construir | Archery Range |
| 8:59 | Investigar | Double-Bit Axe |
| 9:00 | Crear | Villager (Male) |
| 9:26 | Construir | Archery Range |
| 9:28 | Construir | Palisade Wall |
| 9:42 | Crear | Archer |
| 9:45 | Crear | Villager (Male) |
| 10:17 | Crear | Villager (Male) |
| 10:19 | Crear | Archer |
| 10:19 | Crear | Archer |
| 10:22 | Crear | Archer |
| 10:23 | Crear | Archer |
| 10:26 | Construir | House |
| 10:47 | Crear | Archer |
| 10:53 | Construir | Blacksmith |
| 11:04 | Crear | Archer |
| 11:12 | Crear | Villager (Male) |
| 11:13 | Crear | Villager (Male) |
| 11:18 | Construir | Mill |
| 11:32 | Crear | Archer |
| 11:43 | Crear | Villager (Male) |
| 11:47 | Construir | House |
| 11:56 | Crear | Archer |
| 12:22 | Construir | House |
| 12:29 | Construir | House |
| 12:33 | Crear | Archer |
| 12:36 | Crear | Villager (Male) |
| 12:38 | Crear | Villager (Male) |
| 13:05 | Construir | Farm |
| 13:08 | Construir | House |
| 13:16 | Crear | Archer |
| 13:19 | Crear | Villager (Male) |
| 13:33 | Construir | Farm |
| 13:34 | Crear | Villager (Male) |
| 13:45 | Crear | Archer |
| 13:45 | Crear | Archer |
| 13:45 | Crear | Archer |
| 13:54 | Construir | House |
| 14:05 | Construir | Farm |
| 14:07 | Crear | Villager (Male) |
| 14:23 | Crear | Villager (Male) |
| 14:24 | Construir | Farm |
| 14:33 | Crear | Archer |
| 14:45 | Crear | Villager (Male) |
| 14:47 | Construir | Farm |
| 14:48 | Crear | Archer |
| 14:50 | Crear | Archer |
| 14:50 | Crear | Archer |
| 14:58 | Construir | House |
| 15:00 | Construir | House |
| 15:01 | Construir | Palisade Wall |
| 15:08 | Investigar | Fletching |
| 15:13 | Construir | Farm |
| 15:19 | Crear | Archer |
| 15:38 | Construir | Farm |
| 15:40 | Crear | Villager (Male) |
| 15:59 | Crear | Archer |
| 15:59 | Crear | Archer |
| 15:59 | Crear | Archer |
| 16:01 | Crear | Villager (Male) |
| 16:04 | Construir | House |
| 16:14 | Crear | Villager (Male) |
| 16:17 | Construir | Farm |
| 16:32 | Crear | Villager (Male) |
| 16:44 | Crear | Archer |
| 16:44 | Crear | Archer |
| 17:00 | Construir | House |
| 17:06 | Crear | Villager (Male) |
| 17:08 | Construir | Farm |
| 17:10 | Construir | Farm |
| 17:21 | Crear | Archer |
| 17:21 | Crear | Archer |
| 17:21 | Crear | Archer |
| 17:42 | Crear | Villager (Male) |
| 17:43 | Construir | Farm |
| 17:56 | Crear | Villager (Male) |
| 18:06 | Construir | Farm |
| 18:21 | Construir | Farm |
| 18:24 | Crear | Villager (Male) |
| 18:44 | Construir | Market |
| 19:04 | Crear | Archer |
| 19:04 | Crear | Archer |
| 19:05 | Crear | Archer |
| 19:06 | Crear | Villager (Male) |
| 19:11 | Crear | Villager (Male) |
| 19:28 | Crear | Villager (Male) |
| 19:36 | Construir | House |
| 19:37 | Construir | House |
| 19:38 | Construir | House |
| 19:48 | Investigar | Castle Age |
| 20:03 | Investigar | Padded Archer Armor |
| 20:06 | Crear | Archer |
| 20:09 | Crear | Archer |
| 20:09 | Crear | Archer |
| 20:09 | Crear | Archer |
| 20:21 | Investigar | Horse Collar |
| 20:40 | Crear | Archer |
| 20:45 | Crear | Villager (Male) |
| 20:57 | Investigar | Gold Mining |
| 21:02 | Crear | Villager (Male) |
| 21:57 | Crear | Villager (Male) |
| 22:36 | Edad | Edad de los Castillos |
| 22:38 | Investigar | Crossbowman (upgrade) |
| 22:39 | Investigar | Bodkin Arrow |
| 22:43 | Construir | University |
| 22:47 | Crear | Villager (Male) |
| 22:48 | Crear | Archer |
| 23:03 | Crear | Villager (Male) |
| 23:16 | Investigar | Leather Archer Armor |
| 23:18 | Investigar | Ballistics |
| 23:22 | Crear | Archer |
| 23:25 | Crear | Archer |
| 23:28 | Crear | Villager (Male) |
| 23:34 | Crear | Archer |
| 23:40 | Crear | Villager (Male) |
| 23:41 | Crear | Villager (Male) |
| 23:42 | Construir | Farm |
| 23:43 | Crear | Villager (Male) |
Build order — Bear
Primeras 150 de 307 acciones detectadas
| 0:01 | Crear | Villager (Male) |
| 0:02 | Crear | Villager (Male) |
| 0:02 | Crear | Villager (Male) |
| 0:02 | Crear | Villager (Male) |
| 0:06 | Construir | House |
| 0:08 | Construir | House |
| 1:31 | Crear | Villager (Male) |
| 2:04 | Crear | Villager (Male) |
| 2:36 | Construir | Lumber Camp |
| 2:49 | Crear | Villager (Male) |
| 3:21 | Crear | Villager (Male) |
| 3:25 | Crear | Villager (Male) |
| 4:04 | Construir | House |
| 4:06 | Construir | House |
| 4:12 | Crear | Villager (Male) |
| 4:46 | Crear | Villager (Male) |
| 4:47 | Crear | Villager (Male) |
| 4:47 | Crear | Villager (Male) |
| 5:19 | Construir | Mill |
| 5:51 | Crear | Villager (Male) |
| 5:51 | Crear | Villager (Male) |
| 6:16 | Crear | Villager (Male) |
| 6:58 | Construir | Mill |
| 7:17 | Investigar | Loom |
| 7:58 | Investigar | Feudal Age |
| 8:51 | Construir | House |
| 9:27 | Construir | Barracks |
| 10:08 | Edad | Edad Feudal |
| 10:14 | Crear | Villager (Male) |
| 10:14 | Crear | Villager (Male) |
| 10:28 | Construir | Stable |
| 11:07 | Crear | Villager (Male) |
| 11:07 | Crear | Villager (Male) |
| 11:07 | Crear | Villager (Male) |
| 11:16 | Construir | Blacksmith |
| 11:27 | Construir | House |
| 11:35 | Crear | Scout Cavalry |
| 11:36 | Crear | Scout Cavalry |
| 11:57 | Construir | Farm |
| 12:02 | Construir | House |
| 12:13 | Crear | Scout Cavalry |
| 12:14 | Crear | Villager (Male) |
| 12:19 | Construir | Farm |
| 12:28 | Crear | Scout Cavalry |
| 12:40 | Investigar | Scale Barding Armor |
| 12:44 | Construir | Farm |
| 12:46 | Crear | Villager (Male) |
| 13:07 | Crear | Scout Cavalry |
| 13:19 | Construir | Farm |
| 13:23 | Construir | House |
| 13:28 | Construir | House |
| 13:29 | Crear | Villager (Male) |
| 13:41 | Construir | Farm |
| 14:44 | Construir | House |
| 14:45 | Crear | Villager (Male) |
| 14:46 | Crear | Villager (Male) |
| 14:47 | Construir | Farm |
| 14:49 | Construir | Farm |
| 14:54 | Construir | Mining Camp |
| 15:17 | Construir | House |
| 15:20 | Investigar | Forging |
| 15:22 | Crear | Villager (Male) |
| 15:23 | Crear | Villager (Male) |
| 15:32 | Crear | Scout Cavalry |
| 15:32 | Crear | Scout Cavalry |
| 17:21 | Construir | Stable |
| 17:23 | Crear | Villager (Male) |
| 17:23 | Crear | Villager (Male) |
| 17:28 | Construir | Farm |
| 17:29 | Construir | Farm |
| 17:34 | Construir | Farm |
| 17:35 | Construir | Farm |
| 17:36 | Construir | Farm |
| 17:39 | Construir | Farm |
| 17:41 | Construir | Farm |
| 18:17 | Crear | Spearman |
| 18:27 | Construir | Farm |
| 18:32 | Construir | Farm |
| 19:37 | Construir | Farm |
| 19:42 | Construir | House |
| 19:43 | Construir | House |
| 19:51 | Construir | Farm |
| 20:48 | Investigar | Castle Age |
| 20:58 | Construir | Stable |
| 21:00 | Construir | Stable |
| 21:15 | Construir | Farm |
| 21:16 | Construir | Farm |
| 23:00 | Construir | House |
| 23:02 | Construir | House |
| 23:09 | Investigar | Double-Bit Axe |
| 23:17 | Crear | Villager (Male) |
| 23:17 | Crear | Villager (Male) |
| 23:17 | Crear | Villager (Male) |
| 23:18 | Crear | Villager (Male) |
| 23:28 | Edad | Edad de los Castillos |
| 23:34 | Construir | Town Center |
| 23:35 | Crear | Villager (Male) |
| 23:35 | Crear | Villager (Male) |
| 23:41 | Investigar | Chain Barding Armor |
| 23:42 | Crear | Knight |
| 23:43 | Crear | Knight |
| 23:43 | Crear | Knight |
| 23:43 | Crear | Knight |
| 23:44 | Crear | Knight |
| 24:03 | Construir | House |
| 24:40 | Construir | Palisade Wall |
| 25:11 | Crear | Villager (Male) |
| 25:11 | Crear | Villager (Male) |
| 25:16 | Crear | Villager (Male) |
| 25:16 | Crear | Villager (Male) |
| 25:48 | Investigar | Iron Casting |
| 25:52 | Construir | Farm |
| 26:04 | Construir | Palisade Wall |
| 26:49 | Construir | Farm |
| 26:50 | Crear | Villager (Male) |
| 26:51 | Crear | Villager (Male) |
| 26:51 | Crear | Villager (Male) |
| 26:57 | Crear | Knight |
| 26:58 | Crear | Knight |
| 26:58 | Crear | Knight |
| 26:58 | Crear | Knight |
| 26:58 | Crear | Knight |
| 26:59 | Crear | Knight |
| 26:59 | Crear | Knight |
| 27:04 | Construir | House |
| 27:13 | Crear | Villager (Male) |
| 27:13 | Crear | Villager (Male) |
| 27:30 | Crear | Knight |
| 27:31 | Crear | Knight |
| 29:37 | Construir | Monastery |
| 30:49 | Construir | House |
| 30:50 | Crear | Villager (Male) |
| 30:50 | Crear | Villager (Male) |
| 30:52 | Investigar | Wheelbarrow |
| 30:52 | Investigar | Wheelbarrow |
| 30:57 | Construir | University |
| 31:53 | Construir | House |
| 32:10 | Construir | Town Center |
| 32:39 | Construir | Stable |
| 32:40 | Construir | Stable |
| 33:01 | Crear | Knight |
| 33:02 | Crear | Knight |
| 33:02 | Crear | Knight |
| 33:03 | Crear | Knight |
| 33:03 | Crear | Knight |
| 33:03 | Crear | Knight |
| 33:12 | Construir | Mining Camp |
| 33:17 | Crear | Villager (Male) |
| 33:17 | Crear | Villager (Male) |
| 33:17 | Crear | Villager (Male) |
Build order — JamesPower 小龐
Primeras 150 de 507 acciones detectadas
| 0:02 | Crear | Villager (Male) ×4 |
| 0:02 | Construir | House |
| 0:04 | Construir | House |
| 1:25 | Crear | Villager (Male) |
| 1:54 | Crear | Villager (Male) |
| 2:26 | Crear | Villager (Male) |
| 2:27 | Crear | Villager (Male) |
| 2:58 | Crear | Villager (Male) |
| 2:58 | Crear | Villager (Male) |
| 3:09 | Construir | Lumber Camp |
| 3:36 | Construir | House |
| 3:38 | Crear | Villager (Male) |
| 4:12 | Crear | Villager (Male) |
| 4:17 | Construir | House |
| 4:48 | Construir | Palisade Wall |
| 4:58 | Crear | Villager (Male) |
| 5:13 | Crear | Villager (Male) |
| 5:19 | Crear | Villager (Male) |
| 5:28 | Construir | House |
| 6:00 | Crear | Villager (Male) |
| 6:13 | Construir | Palisade Wall |
| 6:17 | Crear | Villager (Male) |
| 6:34 | Construir | Palisade Wall |
| 6:37 | Construir | Palisade Wall |
| 6:43 | Crear | Villager (Male) |
| 7:32 | Investigar | Loom |
| 7:41 | Construir | Mining Camp |
| 8:03 | Investigar | Feudal Age |
| 8:12 | Construir | Palisade Wall |
| 8:14 | Construir | Palisade Wall |
| 8:37 | Construir | Palisade Wall |
| 9:06 | Construir | Barracks |
| 9:11 | Construir | Palisade Gate |
| 10:13 | Edad | Edad Feudal |
| 10:17 | Construir | Archery Range |
| 10:20 | Construir | Archery Range |
| 10:24 | Crear | Villager (Male) |
| 10:25 | Crear | Villager (Male) |
| 10:51 | Crear | Villager (Male) |
| 10:52 | Investigar | Double-Bit Axe |
| 11:01 | Crear | Archer |
| 11:06 | Construir | House |
| 11:14 | Crear | Archer |
| 11:18 | Crear | Archer |
| 11:27 | Crear | Villager (Male) |
| 11:31 | Crear | Archer |
| 11:45 | Crear | Archer |
| 11:46 | Crear | Villager (Male) |
| 12:11 | Crear | Spearman |
| 12:18 | Crear | Villager (Male) |
| 12:32 | Construir | Mill |
| 12:47 | Crear | Archer |
| 12:47 | Crear | Archer |
| 12:48 | Crear | Villager (Male) |
| 12:59 | Crear | Archer |
| 12:59 | Crear | Archer |
| 13:09 | Crear | Archer |
| 13:09 | Crear | Archer |
| 13:15 | Crear | Archer |
| 13:22 | Crear | Villager (Male) |
| 13:33 | Crear | Archer |
| 13:33 | Crear | Archer |
| 13:34 | Crear | Villager (Male) |
| 13:44 | Construir | House |
| 13:45 | Construir | House |
| 14:12 | Crear | Archer |
| 14:12 | Crear | Archer |
| 14:13 | Crear | Villager (Male) |
| 14:41 | Crear | Archer |
| 14:41 | Crear | Archer |
| 14:42 | Crear | Villager (Male) |
| 15:11 | Crear | Villager (Male) |
| 15:11 | Crear | Villager (Male) |
| 15:12 | Crear | Archer |
| 15:12 | Crear | Archer |
| 15:34 | Crear | Villager (Male) |
| 15:38 | Investigar | Horse Collar |
| 15:40 | Crear | Villager (Male) |
| 15:46 | Construir | Palisade Wall |
| 15:47 | Crear | Villager (Male) |
| 15:54 | Crear | Archer |
| 15:54 | Crear | Archer |
| 16:32 | Crear | Villager (Male) |
| 16:32 | Crear | Villager (Male) |
| 16:52 | Construir | Farm |
| 16:53 | Construir | Farm |
| 16:55 | Construir | Farm |
| 16:56 | Construir | Farm |
| 16:58 | Construir | Farm |
| 17:03 | Crear | Villager (Male) |
| 17:45 | Construir | Farm |
| 17:52 | Construir | Blacksmith |
| 17:54 | Construir | Palisade Wall |
| 17:58 | Construir | Farm |
| 17:59 | Construir | Farm |
| 18:00 | Construir | Farm |
| 18:36 | Investigar | Fletching |
| 18:36 | Investigar | Fletching |
| 18:46 | Crear | Archer |
| 18:47 | Crear | Archer |
| 18:48 | Crear | Spearman |
| 18:56 | Construir | Palisade Wall |
| 19:09 | Crear | Villager (Male) |
| 19:18 | Construir | House |
| 19:20 | Construir | House |
| 19:21 | Construir | House |
| 19:26 | Crear | Spearman |
| 19:26 | Crear | Spearman |
| 19:49 | Crear | Villager (Male) |
| 19:58 | Construir | Lumber Camp |
| 20:12 | Crear | Archer |
| 20:13 | Crear | Archer |
| 20:13 | Crear | Spearman |
| 20:16 | Construir | Farm |
| 20:17 | Construir | Farm |
| 21:01 | Crear | Archer |
| 21:01 | Crear | Archer |
| 21:02 | Crear | Villager (Male) |
| 21:14 | Crear | Spearman |
| 21:16 | Crear | Archer |
| 21:23 | Crear | Villager (Male) |
| 21:32 | Construir | House |
| 21:48 | Crear | Villager (Male) |
| 21:56 | Construir | Palisade Wall |
| 22:19 | Construir | Farm |
| 22:23 | Construir | House |
| 22:24 | Construir | House |
| 22:26 | Construir | House |
| 22:39 | Crear | Villager (Male) |
| 23:04 | Construir | Market |
| 23:39 | Investigar | Castle Age |
| 23:39 | Investigar | Castle Age |
| 23:52 | Crear | Archer |
| 23:52 | Crear | Archer |
| 23:53 | Crear | Villager (Male) |
| 24:09 | Crear | Villager (Male) |
| 24:17 | Construir | Archery Range |
| 24:21 | Construir | House |
| 24:22 | Construir | House |
| 24:24 | Construir | House |
| 24:24 | Construir | House |
| 24:26 | Construir | House |
| 24:27 | Investigar | Padded Archer Armor |
| 24:30 | Construir | House |
| 24:31 | Construir | House |
| 24:32 | Construir | House |
| 24:33 | Construir | House |
| 24:35 | Construir | House |
| 24:45 | Crear | Archer |
| 24:45 | Crear | Archer |
Build order —
81 acciones detectadas en el replay
| 0:00 | Construir | House |
| 0:02 | Construir | House |
| 1:42 | Construir | Lumber Camp |
| 3:47 | Construir | House |
| 4:11 | Construir | Mill |
| 4:21 | Construir | Lumber Camp |
| 5:51 | Investigar | Tech None |
| 5:51 | Construir | House |
| 6:35 | Construir | Mining Camp |
| 6:41 | Investigar | Tech None |
| 7:50 | Construir | Barracks |
| 9:16 | Construir | Archery Range |
| 9:18 | Investigar | Tech None |
| 9:18 | Investigar | Tech None |
| 9:19 | Investigar | Tech None |
| 9:23 | Construir | House |
| 9:25 | Construir | Farm |
| 9:26 | Construir | Farm |
| 9:59 | Crear | Archer |
| 10:45 | Construir | Archery Range |
| 10:53 | Construir | House |
| 10:56 | Construir | House |
| 11:19 | Construir | Watch Tower |
| 11:28 | Crear | Archer |
| 11:58 | Construir | Farm |
| 12:25 | Construir | House |
| 12:26 | Construir | House |
| 13:32 | Crear | Spearman |
| 16:23 | Construir | Lumber Camp |
| 17:28 | Crear | Spearman |
| 17:57 | Crear | Archer |
| 18:16 | Construir | Blacksmith |
| 18:17 | Construir | Blacksmith |
| 18:19 | Construir | Farm |
| 18:43 | Construir | Blacksmith |
| 19:08 | Construir | Farm |
| 19:11 | Construir | Farm |
| 19:43 | Construir | Farm |
| 20:28 | Crear | Spearman |
| 20:40 | Construir | Archery Range |
| 20:53 | Crear | Archer |
| 21:10 | Construir | Farm |
| 21:23 | Crear | Archer |
| 21:34 | Crear | Skirmisher |
| 21:45 | Construir | Farm |
| 21:48 | Construir | Farm |
| 21:59 | Construir | Farm |
| 22:00 | Investigar | Tech None |
| 22:22 | Construir | Lumber Camp |
| 22:26 | Crear | Archer |
| 22:35 | Crear | Spearman |
| 22:35 | Crear | Skirmisher |
| 22:42 | Construir | House |
| 22:52 | Crear | Archer |
| 22:52 | Construir | House |
| 22:54 | Construir | House |
| 22:57 | Crear | Skirmisher |
| 23:01 | Crear | Spearman |
| 23:05 | Crear | Archer |
| 23:22 | Crear | Spearman |
| 23:22 | Crear | Skirmisher |
| 23:28 | Construir | Farm |
| 23:42 | Construir | Farm |
| 23:45 | Crear | Skirmisher |
| 24:00 | Construir | Farm |
| 24:19 | Construir | Farm |
| 24:44 | Crear | Spearman |
| 25:22 | Construir | Market |
| 25:33 | Construir | Farm |
| 25:44 | Crear | Spearman |
| 27:25 | Construir | Lumber Camp |
| 28:08 | Construir | Town Center |
| 28:09 | Construir | Lumber Camp |
| 30:06 | Crear | Spearman |
| 30:06 | Crear | Skirmisher |
| 30:07 | Crear | Skirmisher |
| 30:09 | Crear | Skirmisher |
| 32:09 | Construir | Town Center |
| 36:50 | Crear | Spearman |
| 44:59 | Construir | Mining Camp |
| 44:59 | Construir | Lumber Camp |
Build order —
Primeras 150 de 375 acciones detectadas
| 0:00 | Construir | House |
| 0:02 | Construir | House |
| 1:42 | Construir | Lumber Camp |
| 3:46 | Construir | Mill |
| 3:48 | Construir | Lumber Camp |
| 3:49 | Construir | House |
| 5:51 | Investigar | Tech None |
| 5:51 | Construir | House |
| 6:48 | Construir | Mining Camp |
| 8:02 | Construir | Lumber Camp |
| 8:21 | Construir | House |
| 8:39 | Construir | Lumber Camp |
| 8:47 | Construir | Farm |
| 8:49 | Construir | Farm |
| 8:50 | Construir | Farm |
| 8:51 | Construir | Farm |
| 9:22 | Investigar | Tech None |
| 9:48 | Construir | Barracks |
| 11:40 | Construir | Farm |
| 11:46 | Construir | Stable |
| 11:47 | Construir | Farm |
| 11:47 | Construir | Blacksmith |
| 11:48 | Construir | House |
| 11:56 | Investigar | Tech None |
| 12:23 | Investigar | Tech None |
| 12:35 | Investigar | Tech None |
| 12:36 | Investigar | Tech None |
| 12:49 | Construir | Farm |
| 13:01 | Construir | Farm |
| 13:03 | Investigar | Tech None |
| 13:16 | Construir | Farm |
| 13:27 | Construir | Farm |
| 13:39 | Construir | Farm |
| 13:53 | Construir | Farm |
| 15:17 | Investigar | Tech None |
| 15:17 | Crear | Knight |
| 15:17 | Crear | Camel Scout |
| 15:17 | Construir | Town Center |
| 15:17 | Investigar | Tech None |
| 15:17 | Construir | Town Center |
| 15:18 | Construir | House |
| 15:40 | Construir | Town Center |
| 15:41 | Construir | House |
| 16:07 | Investigar | Tech None |
| 16:09 | Construir | House |
| 16:21 | Construir | House |
| 16:45 | Construir | Stable |
| 16:52 | Construir | Farm |
| 17:13 | Construir | Farm |
| 17:27 | Construir | Farm |
| 17:46 | Construir | Farm |
| 17:48 | Construir | Farm |
| 17:54 | Construir | Farm |
| 17:59 | Crear | Camel Scout |
| 18:08 | Construir | Farm |
| 18:14 | Crear | Camel Scout |
| 18:21 | Construir | Farm |
| 18:31 | Construir | Farm |
| 18:42 | Construir | Farm |
| 18:46 | Construir | House |
| 18:49 | Construir | House |
| 18:55 | Construir | Farm |
| 18:58 | Investigar | Tech None |
| 19:03 | Crear | Camel Scout |
| 19:10 | Construir | Farm |
| 19:13 | Construir | Farm |
| 19:24 | Construir | Lumber Camp |
| 19:40 | Construir | Farm |
| 19:52 | Construir | Monastery |
| 20:00 | Construir | Farm |
| 20:14 | Construir | Farm |
| 20:24 | Construir | Farm |
| 20:29 | Crear | Monk |
| 20:34 | Construir | House |
| 20:36 | Construir | House |
| 20:38 | Construir | Farm |
| 20:43 | Construir | Farm |
| 21:01 | Construir | Farm |
| 21:05 | Investigar | Tech None |
| 21:07 | Construir | Farm |
| 21:13 | Construir | Farm |
| 21:14 | Construir | House |
| 21:15 | Construir | House |
| 21:19 | Crear | Camel Scout |
| 21:26 | Construir | Farm |
| 21:30 | Crear | Spearman |
| 21:51 | Construir | Market |
| 22:07 | Investigar | Tech None |
| 22:07 | Construir | Archery Range |
| 22:09 | Investigar | Tech None |
| 22:14 | Construir | Farm |
| 22:38 | Crear | Monk |
| 22:40 | Construir | Lumber Camp |
| 22:44 | Construir | Farm |
| 22:48 | Investigar | Tech None |
| 22:50 | Construir | Farm |
| 22:54 | Construir | House |
| 22:55 | Construir | House |
| 22:57 | Construir | Mill |
| 23:09 | Construir | Farm |
| 23:19 | Construir | Barracks |
| 23:20 | Investigar | Tech None |
| 23:22 | Construir | Barracks |
| 23:24 | Construir | House |
| 23:41 | Construir | Farm |
| 23:41 | Construir | Barracks |
| 23:48 | Construir | Farm |
| 24:02 | Construir | Farm |
| 24:05 | Construir | Farm |
| 24:10 | Construir | Farm |
| 24:12 | Construir | Barracks |
| 24:16 | Investigar | Tech None |
| 24:33 | Investigar | Tech None |
| 24:33 | Construir | Town Center |
| 24:49 | Investigar | Tech None |
| 24:49 | Construir | Town Center |
| 24:53 | Construir | Town Center |
| 24:54 | Construir | House |
| 24:55 | Construir | Farm |
| 24:56 | Construir | House |
| 24:58 | Construir | Farm |
| 24:59 | Construir | Farm |
| 25:07 | Investigar | Tech None |
| 25:15 | Construir | House |
| 25:23 | Crear | Spearman |
| 25:24 | Crear | Spearman |
| 25:24 | Construir | Farm |
| 25:25 | Crear | Spearman |
| 25:25 | Crear | Spearman |
| 25:36 | Construir | House |
| 25:37 | Construir | Farm |
| 25:41 | Construir | Mining Camp |
| 25:42 | Construir | Mining Camp |
| 25:44 | Crear | Spearman |
| 25:49 | Construir | Farm |
| 25:51 | Construir | House |
| 25:55 | Construir | Mining Camp |
| 26:02 | Construir | Barracks |
| 26:04 | Crear | Spearman |
| 26:13 | Crear | Scout Cavalry |
| 26:13 | Construir | Siege Workshop |
| 26:15 | Investigar | Tech None |
| 26:18 | Construir | House |
| 26:21 | Construir | Barracks |
| 26:29 | Crear | Spearman |
| 26:33 | Crear | Spearman |
| 26:34 | Crear | Spearman |
| 26:36 | Crear | Spearman |
| 26:37 | Investigar | Tech None |
| 26:39 | Construir | House |
Build order —
Primeras 150 de 473 acciones detectadas
| 0:00 | Construir | House |
| 0:02 | Construir | House |
| 1:42 | Construir | Lumber Camp |
| 3:42 | Construir | Mill |
| 3:46 | Construir | House |
| 4:15 | Construir | Lumber Camp |
| 5:52 | Investigar | Tech None |
| 5:52 | Construir | House |
| 5:53 | Construir | Farm |
| 7:04 | Construir | Mining Camp |
| 8:01 | Construir | Lumber Camp |
| 8:21 | Construir | House |
| 8:41 | Construir | Lumber Camp |
| 8:42 | Construir | Farm |
| 8:44 | Construir | Farm |
| 8:49 | Construir | Farm |
| 9:19 | Construir | Farm |
| 9:34 | Investigar | Tech None |
| 10:15 | Construir | Lumber Camp |
| 10:17 | Construir | Lumber Camp |
| 10:19 | Construir | Mining Camp |
| 10:45 | Construir | Lumber Camp |
| 11:35 | Construir | Lumber Camp |
| 11:46 | Construir | House |
| 11:48 | Construir | Market |
| 12:43 | Construir | Blacksmith |
| 12:51 | Investigar | Tech None |
| 13:03 | Construir | House |
| 13:19 | Investigar | Tech None |
| 13:28 | Investigar | Tech None |
| 13:40 | Construir | Farm |
| 13:45 | Construir | Farm |
| 13:57 | Construir | Farm |
| 14:09 | Construir | Farm |
| 14:16 | Construir | Farm |
| 15:41 | Construir | Farm |
| 16:08 | Investigar | Tech None |
| 16:08 | Investigar | Tech None |
| 16:08 | Construir | Castle |
| 16:09 | Construir | Town Center |
| 16:14 | Investigar | Tech None |
| 17:04 | Investigar | Tech None |
| 17:04 | Construir | Town Center |
| 17:15 | Construir | Town Center |
| 17:32 | Investigar | Tech None |
| 17:37 | Construir | Farm |
| 17:42 | Construir | Farm |
| 17:45 | Construir | Farm |
| 18:05 | Construir | Farm |
| 18:09 | Construir | Farm |
| 18:15 | Construir | Farm |
| 18:32 | Construir | Farm |
| 18:36 | Construir | Farm |
| 18:38 | Construir | Farm |
| 18:44 | Construir | Farm |
| 18:58 | Construir | Farm |
| 18:59 | Investigar | Tech None |
| 19:05 | Construir | Farm |
| 19:10 | Construir | Farm |
| 19:29 | Construir | Farm |
| 19:32 | Crear | Ratha (Ranged) |
| 19:36 | Construir | Farm |
| 19:56 | Construir | Farm |
| 20:02 | Investigar | Tech None |
| 20:03 | Construir | Farm |
| 20:26 | Construir | Siege Workshop |
| 20:32 | Construir | Farm |
| 20:33 | Construir | Farm |
| 20:43 | Construir | Lumber Camp |
| 20:48 | Construir | Farm |
| 20:54 | Construir | House |
| 21:00 | Construir | House |
| 21:05 | Construir | Farm |
| 21:13 | Construir | Farm |
| 21:15 | Construir | Farm |
| 21:39 | Investigar | Tech None |
| 21:50 | Construir | Lumber Camp |
| 22:04 | Construir | Farm |
| 22:15 | Construir | Monastery |
| 22:24 | Construir | Farm |
| 22:50 | Construir | House |
| 22:51 | Construir | House |
| 23:05 | Crear | Monk |
| 23:10 | Construir | Farm |
| 23:22 | Construir | House |
| 23:24 | Construir | Farm |
| 23:27 | Construir | Barracks |
| 24:02 | Investigar | Tech None |
| 24:02 | Crear | Mangonel |
| 24:02 | Construir | Town Center |
| 24:15 | Crear | Ratha (Ranged) |
| 24:15 | Construir | Farm |
| 24:27 | Crear | Spearman |
| 24:40 | Crear | Ratha (Ranged) |
| 24:40 | Construir | Farm |
| 24:42 | Construir | Farm |
| 24:48 | Construir | House |
| 24:49 | Construir | House |
| 24:51 | Construir | Farm |
| 24:57 | Crear | Ratha (Ranged) |
| 25:00 | Investigar | Tech None |
| 25:09 | Investigar | Tech None |
| 25:18 | Construir | House |
| 25:26 | Crear | Ratha (Ranged) |
| 25:26 | Construir | Farm |
| 25:28 | Construir | Farm |
| 25:34 | Construir | Farm |
| 25:36 | Investigar | Tech None |
| 25:37 | Construir | Farm |
| 25:44 | Construir | House |
| 25:54 | Construir | Farm |
| 25:57 | Construir | Farm |
| 26:01 | Construir | Lumber Camp |
| 26:03 | Construir | Farm |
| 26:04 | Construir | Farm |
| 26:10 | Construir | Farm |
| 26:32 | Construir | Town Center |
| 26:40 | Construir | Town Center |
| 26:41 | Construir | House |
| 26:42 | Investigar | Tech None |
| 26:43 | Construir | House |
| 26:46 | Crear | Ratha (Ranged) |
| 26:52 | Construir | Mining Camp |
| 26:57 | Crear | Spearman |
| 26:59 | Investigar | Tech None |
| 26:59 | Construir | Farm |
| 27:00 | Construir | House |
| 27:02 | Investigar | Tech None |
| 27:10 | Investigar | Tech None |
| 27:15 | Crear | Spearman |
| 27:21 | Construir | Lumber Camp |
| 27:26 | Construir | Mill |
| 27:33 | Investigar | Tech None |
| 27:33 | Crear | Mangonel |
| 27:37 | Crear | Mangonel |
| 27:37 | Construir | Archery Range |
| 28:05 | Construir | University |
| 28:19 | Crear | Mangonel |
| 28:19 | Construir | Archery Range |
| 28:21 | Crear | Monk |
| 28:31 | Investigar | Tech None |
| 28:50 | Crear | Spearman |
| 28:55 | Construir | Market |
| 29:07 | Crear | Spearman |
| 29:17 | Construir | Barracks |
| 29:26 | Construir | Market |
| 29:41 | Construir | Castle |
| 30:04 | Crear | Monk |
| 30:08 | Construir | Market |
| 30:10 | Investigar | Tech None |
Build order —
Primeras 150 de 268 acciones detectadas
| 0:00 | Construir | House |
| 0:02 | Construir | House |
| 1:42 | Construir | Lumber Camp |
| 3:46 | Construir | House |
| 4:11 | Construir | Mill |
| 4:26 | Construir | Lumber Camp |
| 5:52 | Investigar | Tech None |
| 5:52 | Construir | House |
| 6:41 | Investigar | Tech None |
| 6:41 | Construir | Mining Camp |
| 7:28 | Construir | Barracks |
| 9:16 | Construir | Archery Range |
| 9:18 | Investigar | Tech None |
| 9:18 | Investigar | Tech None |
| 9:19 | Investigar | Tech None |
| 9:19 | Construir | Farm |
| 9:20 | Construir | Farm |
| 9:23 | Construir | House |
| 9:25 | Construir | Farm |
| 9:26 | Construir | Farm |
| 10:11 | Construir | Archery Range |
| 10:18 | Construir | House |
| 10:24 | Construir | House |
| 10:26 | Construir | House |
| 10:58 | Crear | Archer |
| 10:58 | Construir | Blacksmith |
| 11:14 | Crear | Skirmisher |
| 11:35 | Construir | Blacksmith |
| 11:40 | Construir | Blacksmith |
| 11:54 | Crear | Skirmisher |
| 11:57 | Construir | House |
| 11:59 | Construir | House |
| 12:01 | Construir | House |
| 12:14 | Investigar | Tech None |
| 12:38 | Investigar | Tech None |
| 12:44 | Construir | Farm |
| 12:46 | Investigar | Tech None |
| 12:59 | Construir | Farm |
| 13:06 | Construir | Farm |
| 13:14 | Construir | Farm |
| 13:25 | Construir | Farm |
| 13:31 | Crear | Archer |
| 13:34 | Crear | Archer |
| 14:09 | Construir | House |
| 14:17 | Construir | House |
| 14:25 | Crear | Spearman |
| 14:29 | Crear | Skirmisher |
| 14:42 | Construir | Farm |
| 14:55 | Construir | Farm |
| 15:23 | Construir | Lumber Camp |
| 15:49 | Construir | Lumber Camp |
| 17:01 | Construir | Market |
| 17:05 | Crear | Spearman |
| 17:05 | Construir | Watch Tower |
| 17:08 | Construir | Farm |
| 17:13 | Construir | Watch Tower |
| 17:23 | Crear | Spearman |
| 17:34 | Investigar | Tech None |
| 17:38 | Construir | Farm |
| 17:40 | Construir | Farm |
| 18:21 | Investigar | Tech None |
| 18:22 | Crear | Spearman |
| 19:09 | Crear | Archer |
| 19:09 | Crear | Spearman |
| 19:09 | Crear | Skirmisher |
| 19:38 | Crear | Archer |
| 19:38 | Crear | Spearman |
| 19:38 | Crear | Skirmisher |
| 19:43 | Crear | Spearman |
| 19:43 | Crear | Skirmisher |
| 19:52 | Crear | Skirmisher |
| 20:09 | Crear | Archer |
| 20:22 | Crear | Spearman |
| 20:47 | Investigar | Tech None |
| 21:19 | Investigar | Tech None |
| 21:35 | Construir | Siege Workshop |
| 22:11 | Investigar | Tech None |
| 22:30 | Crear | Skirmisher |
| 22:37 | Crear | Skirmisher |
| 22:51 | Crear | Skirmisher |
| 22:51 | Construir | House |
| 23:04 | Crear | Skirmisher |
| 23:13 | Investigar | Tech None |
| 23:16 | Investigar | Tech None |
| 23:26 | Crear | Skirmisher |
| 24:12 | Construir | Farm |
| 24:21 | Crear | Spearman |
| 24:21 | Construir | Farm |
| 24:23 | Construir | Farm |
| 24:25 | Construir | House |
| 24:29 | Construir | Farm |
| 24:40 | Crear | Battering Ram |
| 24:49 | Construir | House |
| 25:12 | Construir | Mining Camp |
| 25:20 | Investigar | Tech None |
| 25:21 | Crear | Archer |
| 25:24 | Crear | Skirmisher |
| 25:43 | Construir | Town Center |
| 26:06 | Construir | Town Center |
| 26:08 | Construir | Stable |
| 26:16 | Crear | Spearman |
| 26:34 | Crear | Skirmisher |
| 28:06 | Crear | Spearman |
| 28:09 | Construir | Farm |
| 28:28 | Crear | Spearman |
| 28:28 | Crear | Skirmisher |
| 28:29 | Construir | Barracks |
| 28:37 | Construir | Town Center |
| 28:43 | Construir | Farm |
| 28:47 | Construir | Farm |
| 29:02 | Construir | Farm |
| 29:24 | Construir | Monastery |
| 29:24 | Construir | Monastery |
| 29:50 | Construir | Barracks |
| 29:55 | Construir | Farm |
| 30:06 | Crear | Spearman |
| 30:06 | Crear | Skirmisher |
| 30:13 | Crear | Skirmisher |
| 30:13 | Construir | Farm |
| 30:17 | Crear | Skirmisher |
| 30:17 | Construir | Farm |
| 30:18 | Construir | Farm |
| 30:22 | Construir | Farm |
| 30:55 | Construir | Farm |
| 31:44 | Construir | Farm |
| 31:56 | Construir | Farm |
| 32:08 | Construir | Farm |
| 32:13 | Construir | Farm |
| 32:51 | Construir | Farm |
| 32:55 | Crear | Spearman |
| 33:04 | Crear | Spearman |
| 33:07 | Construir | Farm |
| 33:10 | Construir | Farm |
| 33:31 | Crear | Archer |
| 33:39 | Crear | Spearman |
| 34:11 | Crear | Spearman |
| 34:21 | Crear | Spearman |
| 34:37 | Construir | Lumber Camp |
| 34:55 | Crear | Archer |
| 34:55 | Construir | Farm |
| 35:00 | Construir | Lumber Camp |
| 35:03 | Crear | Spearman |
| 35:05 | Crear | Spearman |
| 35:17 | Crear | Archer |
| 35:17 | Construir | Farm |
| 35:34 | Investigar | Tech None |
| 36:02 | Crear | Spearman |
| 36:02 | Crear | Skirmisher |
| 36:02 | Construir | Farm |
| 36:06 | Crear | Archer |
Cronología de la partida
| 4:48 | JamesPower 小龐 · wall_segment Palisade Wall x5 |
| 6:13 | JamesPower 小龐 · wall_segment Palisade Wall x7 |
| 6:34 | JamesPower 小龐 · wall_segment Palisade Wall x17 |
| 6:37 | JamesPower 小龐 · wall_segment Palisade Wall x8 |
| 7:28 | Volvo · first_building Barracks |
| 7:28 | · first_building Barracks |
| 7:50 | · first_building Barracks |
| 8:02 | Windy · first_building Barracks |
| 8:12 | JamesPower 小龐 · wall_segment Palisade Wall x1 |
| 8:14 | JamesPower 小龐 · wall_segment Palisade Wall x5 |
| 8:37 | JamesPower 小龐 · wall_segment Palisade Wall x14 |
| 8:51 | Volvo · age_up feudal |
| 8:52 | Volvo · first_building Archery Range |
| 9:06 | JamesPower 小龐 · first_building Barracks |
| 9:16 | · first_building Archery Range |
| 9:16 | · first_building Archery Range |
| 9:23 | Windy · age_up feudal |
| 9:25 | Windy · first_building Stable |
| 9:27 | Bear · first_building Barracks |
| 9:28 | Volvo · wall_segment Palisade Wall x1 |
| 9:48 | · first_building Barracks |
| 10:08 | Bear · age_up feudal |
| 10:13 | JamesPower 小龐 · age_up feudal |
| 10:17 | JamesPower 小龐 · first_building Archery Range |
| 10:28 | Bear · first_building Stable |
| 11:46 | · first_building Stable |
| 14:58 | · first_market_sell 100 food |
| 15:01 | Volvo · wall_segment Palisade Wall x1 |
| 15:46 | JamesPower 小龐 · wall_segment Palisade Wall x12 |
| 16:08 | · first_building Castle |
| 17:54 | JamesPower 小龐 · wall_segment Palisade Wall x9 |
| 18:06 | · first_market_sell 100 food |
| 18:56 | JamesPower 小龐 · wall_segment Palisade Wall x1 |
| 19:52 | · first_building Monastery |
| 20:26 | · first_building Siege Workshop |
| 20:27 | Windy · age_up castle |
| 21:23 | · first_market_buy 100 stone |
| 21:35 | · first_building Siege Workshop |
| 21:56 | JamesPower 小龐 · wall_segment Palisade Wall x5 |
| 22:07 | · first_building Archery Range |
| 22:15 | · first_building Monastery |
| 22:36 | Volvo · age_up castle |
| 23:27 | · first_building Barracks |
| 23:28 | Bear · age_up castle |
| 24:40 | Bear · wall_segment Palisade Wall x14 |
| 26:04 | Bear · wall_segment Palisade Wall x13 |
| 26:08 | · first_building Stable |
| 26:13 | · first_building Siege Workshop |
| 26:19 | JamesPower 小龐 · age_up castle |
| 26:41 | JamesPower 小龐 · first_market_buy 100 wood |
| 26:50 | · first_market_sell 100 wood |
| 27:24 | Volvo · first_building Siege Workshop |
| 27:37 | · first_building Archery Range |
| 29:24 | · first_building Monastery |
| 29:37 | Bear · first_building Monastery |
| 30:03 | · first_market_buy 100 wood |
| 30:07 | · first_market_sell 100 food |
| 30:29 | JamesPower 小龐 · first_market_sell 100 food |
| 30:46 | · first_building Castle |
| 32:51 | Windy · first_market_sell 100 food |
| 32:53 | · first_building Stable |
| 32:54 | Windy · first_building Monastery |
| 34:52 | JamesPower 小龐 · first_building Castle |
| 34:54 | Volvo · first_building Castle |
| 35:46 | Volvo · age_up imperial |
| 35:49 | Volvo · first_market_sell 500 food |
| 35:50 | Volvo · first_market_buy 100 wood |
| 35:53 | Windy · first_market_buy 100 wood |
| 36:50 | Windy · age_up imperial |
| 37:28 | JamesPower 小龐 · first_building Monastery |
| 38:37 | Bear · age_up imperial |
| 39:24 | JamesPower 小龐 · age_up imperial |
| 43:28 | JamesPower 小龐 · first_building Stable |
| 43:48 | Bear · first_building Siege Workshop |
| 45:12 | · resign |
| 47:58 | Bear · first_building Castle |
| 48:09 | JamesPower 小龐 · first_building Siege Workshop |
| 48:27 | Bear · first_market_buy 500 food |
[ ANÁLISIS IA · 1 CRÉDITO ]
¿Qué pasó realmente en esta partida?
Wolo.gg analiza cada decisión: build order, eco, micro, errores típicos por bracket. Análisis personalizado por WhatsApp o Discord en 30 segundos.
Guía civ
Hunos
Perfil
Jugador #218952